Map: Galactic Process LE

Players

WolfSpirit

  • Race: Terran Terran
  • Spawn Location: 1:00

Fropez - Winner!

  • Race: Protoss Protoss
  • League: Gold
  • Spawn Location: 7:00

VOD

Have the link to the VOD?

Description

Time

  • Played on: Nov. 10, 2016, 6:49 p.m.
  • Length: 8:33
Show
View Real Time Build Order
Export as new Build Order

WolfSpirit Terran 

Build Orders: MMM Bio 

Get SALT Encoding   

  12  0:01  SCV  
  13  0:16  SCV  
  13  0:19  Supply Depot  
  14  0:28  SCV  
  15  0:42  Barracks  
  15  0:44  Refinery  
  15  0:45  SCV  
  16  0:57  SCV  
  17  1:09  SCV  
  18  1:21  SCV  
  19  1:36  Supply Depot  
  19  1:37  Barracks Reactor  
  19  1:40  Orbital Command  
  19  1:44  Barracks  
  19  2:06  Command Center  
  19  2:11  SCV  
  19  2:14  Marine x2  
  22  2:23  SCV  
  23  2:34  Barracks Tech Lab  
  23  2:35  SCV  
  23  2:36  Factory  
  24  2:44  Refinery  
  24  2:47  SCV  
  25  2:51  Marine  
  25  2:52  Marine  
  25  2:54  Stimpack  
  25  2:57  Marine  
  28  3:00  SCV  
  29  3:12  SCV  
  30  3:13  Marine  
  30  3:18  Marine  
  32  3:22  Supply Depot  
  32  3:24  Factory Reactor, SCV  
  33  3:30  Marine, Starport  
  35  3:39  Orbital Command  
  35  3:40  Marine  
  35  3:44  Marine  
  36  3:50  Marine  
  37  4:00  Marine, SCV  
  37  4:02  Marine  
  40  4:12  SCV  
  40  4:15  Medivac x2  
  45  4:17  Marine  
  45  4:18  Marine  
  47  4:24  Widow Mine  
  47  4:26  Marine  
  47  4:31  SCV x2  
  52  4:35  Marine  
  52  4:37  Refinery  
  53  4:43  SCV  
  53  4:44  Supply Depot  
  53  4:45  Marine  
  55  5:00  Marine  
  55  5:01  Marine  
  55  5:02  Marine  
  58  5:15  Factory Tech Lab  
  58  5:18  Marine x2  
  58  5:20  Marine  
  58  5:21  SCV x2, Supply Depot  
  63  5:30  Combat Shields  
  63  5:33  SCV x2  
  65  5:38  Barracks  
  65  5:39  Marine x2, Engineering Bay  
  65  5:40  Marine, Barracks  
  68  5:45  SCV  
  53  6:13  Marine x2  
  53  6:14  Marine  
  53  6:17  Terran Infantry Weapons Level 1  
  56  6:28  Engineering Bay  
  56  6:30  Barracks Tech Lab  
  56  6:31  Marine x2, Barracks Tech Lab, Armory  
  58  6:34  Marauder  
  58  6:38  Widow Mine  
  53  6:56  Marauder  
  53  7:05  Marine x2, Marauder x2  
  57  7:17  Marauder  
  57  7:22  Medivac  
  61  7:23  Marine x2, Medivac  
  61  7:25  Siege Tank  
  61  7:26  Marauder x2  
  67  7:39  Marauder  
  55  7:48  Marauder  
  46  8:00  Marauder  
  48  8:09  Marine  
  48  8:10  Marauder x2  
Show
View Real Time Build Order
Export as new Build Order

Fropez Protoss - Winner!

Build Orders:  

Get SALT Encoding   

  12  0:01  Probe (Chrono Boost)  
  13  0:11  Probe (Chrono Boost)  
  14  0:20  Pylon  
  14  0:23  Probe (Chrono Boost)  
  15  0:38  Probe (Chrono Boost), Gateway  
  16  0:49  Probe (Chrono Boost)  
  17  0:51  Assimilator  
  17  0:59  Probe (Chrono Boost)  
  18  1:08  Assimilator  
  18  1:10  Probe (Chrono Boost)  
  19  1:24  Probe (Chrono Boost)  
  20  1:36  Gateway  
  20  1:44  Cybernetics Core  
  20  1:59  Nexus  
  20  2:00  Probe (Chrono Boost)  
  21  2:16  Pylon  
  21  2:21  Mothership Core (Chrono Boost)  
  23  2:29  Warp Gate (Chrono Boost)  
  23  2:34  Stalker  
  23  2:35  Stalker  
  27  2:41  Probe  
  27  2:53  Probe  
  28  3:05  Probe  
  29  3:10  Probe  
  30  3:15  Robotics Facility  
  30  3:22  Pylon, Probe x2  
  32  3:40  Probe x2  
  34  3:51  Probe  
  34  3:52  Probe, Assimilator  
  36  4:02  Gateway  
  36  4:05  Immortal (Chrono Boost)  
  40  4:16  Probe  
  41  4:17  Probe  
  41  4:18  Gateway  
  41  4:23  Stalker x2  
  46  4:30  Forge  
  46  4:31  Probe  
  46  4:33  Probe  
  48  4:44  Immortal (Chrono Boost)  
  52  4:50  Pylon  
  52  4:58  Stalker  
  54  5:09  Pylon  
  54  5:10  Pylon  
  54  5:14  Assimilator, Immortal (Chrono Boost)  
  58  5:21  Pylon  
  58  5:23  Stalker  
  58  5:26  Protoss Ground Weapons Level 1 (Chrono Boost)  
  60  5:31  Probe  
  61  5:36  Stalker  
  61  5:38  Pylon  
  61  5:42  Probe  
  64  6:00  Twilight Council  
  62  6:05  Mothership Core  
  62  6:06  Adept x2  
  62  6:07  Adept  
  70  6:12  Warp Prism  
  72  6:26  Probe, Gateway  
  72  6:27  Gateway  
  72  6:28  Probe  
  66  7:01  Adept  
  66  7:02  Adept x3  
  74  7:24  Stalker x2  
  74  7:25  Stalker x2  
  78  7:55  Stalker x4  
  72  8:30  Adept x4  
Tags
 
Composition
MMM Bio
League
Gold
Matchup
PvT
Replay Pack
All Mines
Spawn Locations
Cross Positions
Add a new tag
Caveats
  • Supply blocks, unpowered buildings, or Contaminate may cause inaccurate times.
  • Supply counts are checked every 10 seconds.